 Dungeon Crawl Stone Soup version 0.17-a0-1850-g688e747 (webtiles) character file.

3494 nubinia the Conjurer (level 9, -1/69 HPs)
             Began as a Black Draconian Conjurer on Sept 18, 2015.
             Was a Follower of Sif Muna.
             Impaled on a porcupine's spines (13 damage)
             ... on level 7 of the Dungeon on Sept 19, 2015.
             The game lasted 00:48:21 (10629 turns).

nubinia the Conjurer (Black Draconian Conjurer)    Turns: 10629, Time: 00:48:21

Health: -1/69      AC:  7    Str: 11    XL:     9   Next: 80%
Magic:  7/19       EV: 14    Int: 18    God:    Sif Muna [*.....]
Gold:   215        SH:  0    Dex: 12    Spells: 5 memorised, 6 levels left

rFire  . . .     SeeInvis .     b - +2 dagger (venom)
rCold  . . .     Clarity  .     (armour unavailable)
rNeg   . . .     SustAt   .     (no shield)
rPois  +         Gourm    .     (helmet restricted)
rElec  +         Spirit   .     (no cloak)
rCorr  .         Warding  .     (no gloves)
rMut   .         Stasis   .     (no boots)
MR     .....                    y - amulet of regeneration (curse)
Stlth  ++........               (no ring)
                                E - ring of poison resistance

@: not resistant to hostile enchantments, unstealthy
A: breathe lightning, unfitting armour, electricity resistance, cold-blooded, AC
+7
a: Breathe Lightning, Channel Energy, Renounce Religion


You were on level 7 of the Dungeon.
You worshipped Sif Muna.
Sif Muna was aware of your devotion.
You were hungry.

You visited 2 branches of the dungeon, and saw 9 of its levels.
You also visited: Sewer.

You collected 215 gold pieces.

Inventory:

Hand weapons
 a - a +2 dagger of protection
 b - a +2 dagger of venom (weapon)
 c - a +0 blowgun
 d - a +0 short sword
 n - a +2 dagger of speed
 s - a +0 mace
Missiles
 t - 17 poisoned needles
Jewellery
 u - an uncursed ring of ice
 y - a cursed amulet of regeneration (around neck)
 E - a ring of poison resistance (left hand)
Magical devices
 F - a wand of paralysis (9)
 G - a wand of random effects (19)
 H - a wand of polymorph (11)
 M - a wand of enslavement (14)
Scrolls
 e - 4 scrolls of remove curse
 h - a scroll of enchant weapon
 i - a scroll of magic mapping {unknown}
 o - a scroll of fog
 r - a scroll of fear
 x - 2 scrolls of teleportation
 C - 2 scrolls of recharging {unknown}
 K - a scroll of enchant armour
Potions
 f - a potion of brilliance
 g - a potion of berserk rage
 k - 2 potions of ambrosia
 l - 2 potions of lignification
 m - a potion of heal wounds
 p - 2 potions of curing
 q - a potion of degeneration
 w - 2 potions of mutation
 A - 2 potions of magic
 B - 2 potions of might
 D - a potion of cancellation
 L - a potion of poison {unknown}
Books
 I - a book of Burglary

   Spells                             Type                      Level
   a - Swiftness                      Charms/Air                   2
   b - Passwall                       Transmutation/Earth          3
   c - Passage of Golubria            Translocation                4
   d - Lee's Rapid Deconstruction     Earth                        5
   e - Darkness                       Hexes                        6
   f - Invisibility                   Hexes                        6
 N - a book of Conjurations

   Spells                             Type                      Level
   a - Magic Dart                     Conjuration                  1
   b - Searing Ray                    Conjuration                  2
   c - Dazzling Spray                 Conjuration/Hexes            3
   d - Fulminant Prism                Conjuration/Hexes            4
   e - Iskenderun's Mystic Blast      Conjuration                  4
   f - Iskenderun's Battlesphere      Conjuration/Charms           5
Comestibles
 j - 4 meat rations
 v - 3 beef jerkies
 z - a fruit
 J - 6 bread rations
 O - 5 chunks of flesh


   Skills:
 + Level 3.1 Fighting
 + Level 1.7 Short Blades
 + Level 0.2 Maces & Flails
 + Level 5.8 Dodging
 + Level 5.0 Stealth
 + Level 0.4 Unarmed Combat
 * Level 6.6 Spellcasting
 * Level 7.8 Conjurations
 + Level 2.2 Hexes
 * Level 3.3 Charms
 * Level 1.7 Air Magic


You had 6 spell levels left.
You knew the following spells:

 Your Spells              Type           Power        Failure   Level  Hunger
a - Magic Dart            Conj           ####         1%          1    None
b - Dazzling Spray        Conj/Hex       ###.....     4%          3    ##.....
c - Iskenderun's Mystic   Conj           ####....     4%          4    ####...
d - Iskenderun's Battles  Conj/Chrm      ####....     34%         5    #####..
e - Swiftness             Chrm/Air       ###.....     8%          2    None


Dungeon Overview and Level Annotations

Branches:
Dungeon (8/15)             Temple (1/1) D:6            Lair (0/8) D:8

Altars:
Ashenzari
Cheibriados
Dithmenos
Elyvilon
Fedhas
Gozag
Kikubaaqudgha
Makhleb
Nemelex Xobeh
Okawaru
Qazlal
Ru
Sif Muna
Trog
Vehumet
Xom
Yredelemnul
Zin
The Shining One

Annotations:
D:4 bear's ghost, average MiFi
D:8 Psyche


Innate Abilities, Weirdness & Mutations

You can breathe wild blasts of lightning.
Your glossy black scales are hard (AC +7).
Your body does not fit into most forms of armour.
You are resistant to electric shocks.
You are cold-blooded and may be slowed by cold attacks.


Message History

The porcupine is moderately wounded.
Unknown command.
Unknown command.
Unknown command.
Casting: Magic Dart
Confirm with . or Enter, or press ? or * to list all spells.
Aiming: Dazzling Spray
Press: ? - help, Shift-Dir - straight line, f/p - porcupine
Aim: a porcupine (moderately wounded)
The spray of energy hits the porcupine.
The porcupine is heavily wounded.
The porcupine is dazzled.
You are feeling hungry.
The porcupine closely misses you.
You feel less protected.
It begins to drip with poison!
b - a +2 dagger of venom (weapon)
The porcupine bites you!
* * * LOW HITPOINT WARNING * * *
You are struck by the porcupine's spines.
You die...

### #.. #######.#
##############.....#.#
#.....##..............
#.....##.#####.#.#....
#.....##.#####.#.#....
#.....##>.............
#....@##.##Y..........
#....r##.#####Y#......
#.....+...............
#.....###.#..#......#.
#.....#...............
#.....#...............
#.....#.###.....[.....
#######.............##
#######.###.#.....#.##


You could see a porcupine (blind).

Vanquished Creatures
  6 yaks
  4 phantoms
  2 sky beasts
  5 ogres
  A crocodile (D:7)
  3 centaurs
  A giant frog (D:6)
  4 big kobolds
  4 scorpions
  A crimson imp (D:5)
  A centaur zombie (D:6)
  2 jellies
  2 centaur skeletons
  3 orc priests
  3 orc wizards
  Jessica (D:2)
  5 worker ants
  3 hound skeletons
  3 gnolls
  A river rat (Sewer)
  11 adders
  4 oozes
  An adder skeleton (D:4)
  An adder zombie (D:6)
  8 worms
  4 giant geckos
  9 orcs
  6 ball pythons
  9 bats
  5 giant cockroaches
  4 goblins
  11 hobgoblins
  20 kobolds
  5 quokkas
  A giant gecko skeleton (D:6)
  5 giant newts
  A jackal skeleton (D:4)
  15 rats
175 creatures vanquished.

Vanquished Creatures (others)
  A bush (D:8)
  2 plants (D:8)
3 creatures vanquished.

Grand Total: 178 creatures vanquished

Notes
Turn   | Place    | Note
--------------------------------------------------------------
     0 | D:1      | nubinia the Draconian Conjurer began the quest for the Orb.
     0 | D:1      | Reached XP level 1. HP: 14/14 MP: 3/3
   431 | D:1      | Reached XP level 2. HP: 20/20 MP: 5/5
  1329 | D:2      | Noticed Jessica
  1344 | D:1      | Reached XP level 3. HP: 24/26 MP: 4/6
  1352 | D:1      | Learned a level 3 spell: Dazzling Spray
  1383 | D:2      | Killed Jessica
  1565 | D:2      | Reached XP level 4. HP: 28/34 MP: 3/7
  2961 | D:3      | Reached skill level 1 in Fighting
  2961 | D:3      | Reached skill level 5 in Conjurations
  2961 | D:3      | Reached XP level 5. HP: 38/40 MP: 0/9
  3253 | D:3      | Learned a level 4 spell: Iskenderun's Mystic Blast
  3578 | D:4      | Found a burning altar of Makhleb.
  4371 | D:4      | Reached XP level 6. HP: 21/47 MP: 1/11
  4815 | D:4      | Noticed bear's ghost (average MiFi)
  5902 | D:4      | Your scales start taking on a glossy black colour.
  5902 | D:4      | Gained mutation: You are resistant to electric shocks. [Black Draconian growth]
  5902 | D:4      | Reached XP level 7. HP: 29/55 MP: 4/13
  6082 | D:5      | Entered Level 5 of the Dungeon
  6344 | D:5      | Found a glowing drain.
  6361 | Sewer    | Entered a sewer
  6912 | Sewer    | Reached skill level 6 in Conjurations
  7383 | D:5      | Reached skill level 5 in Spellcasting
  7383 | D:5      | Reached XP level 8. HP: 17/62 MP: 9/15
  7552 | D:5      | Reached skill level 1 in Hexes
  7962 | D:5      | Reached skill level 1 in Short Blades
  7962 | D:5      | Reached skill level 7 in Conjurations
  8098 | D:5      | Learned a level 5 spell: Iskenderun's Battlesphere
  8524 | D:6      | Found a sacrificial altar of Ru.
  8524 | D:6      | Found a sparkling altar of Nemelex Xobeh.
  8744 | D:6      | Reached skill level 1 in Charms
  8938 | D:6      | Reached skill level 5 in Dodging
  8938 | D:6      | Reached XP level 9. HP: 68/68 MP: 5/17
  9290 | D:6      | Found a staircase to the Ecumenical Temple.
  9295 | Temple   | Entered the Ecumenical Temple
  9312 | Temple   | Became a worshipper of Sif Muna the Loreminder
  9571 | D:7      | Noticed a hill giant
  9840 | D:7      | Learned a level 2 spell: Swiftness
 10418 | D:7      | Acquired Sif Muna's first power
 10418 | D:7      | Reached skill level 1 in Air Magic
 10444 | D:8      | Found a staircase to the Lair.
 10445 | D:8      | Noticed Psyche
 10476 | D:7      | Reached skill level 5 in Stealth
 10629 | D:7      | Impaled on a porcupine's spines

Vault maps used:
D:1:      lightli_arrival_flooded_house, st_stairs_7
D:2:      uniq_jessica
D:4:      overflow_temple_1_default, first_bread, minmay_misc_feat_ornament
D:5:      portal_sewer_entry_e
D:6:      gammafunk_temple_overflow_elements, minmay_temple_entry_nine_rooms,
          kennysheep_nub
D:8:      minmay_lair_entry_grove, serial_shops, shop_fountains, shop,
          kennysheep_mini_moat, shop, uniq_maurice, uniq_psyche
Temple:   lightli_temple_of_artemis
Sewer:    sewer_co_tree

Action                   |  1- 3 |  4- 6 |  7- 9 || total
-------------------------+-------+-------+-------++-------
Melee: Unarmed           |    37 |       |       ||    37
       Short sword       |    31 |       |       ||    31
       Mace              |       |    35 |    12 ||    47
       Dagger            |       |       |   292 ||   292
 Cast: Magic Dart        |    44 |   189 |   224 ||   457
       Dazzling Spray    |     2 |     8 |    47 ||    57
Invok: Channel Energy    |       |       |     5 ||     5
 Abil: Breathe Lightning |       |       |    11 ||    11
  Use: Scroll            |     3 |     5 |    12 ||    20
       Potion            |       |     4 |     1 ||     5
 Stab: Invisible         |     1 |       |    18 ||    19
       Sleeping          |       |       |     2 ||     2
  Eat: Chunk             |     3 |    15 |    17 ||    35
       Fruit             |       |       |     6 ||     6
